 Dungeon Crawl Stone Soup version 0.31-a0-246-g8cbcc1cb85 (webtiles) character file.

Game seed: 3397128766720613431

119 Iniera the Sneak (level 4, -2/34 HPs)
             Began as a Demonspawn Brigand on July 12, 2023.
             Slain by a sleepcap (6 damage)
             ... on level 4 of the Dungeon.
             The game lasted 00:02:41 (2832 turns).

Iniera the Sneak (Demonspawn Brigand)               Turns: 2832, Time: 00:02:42

Health: -2/34      AC: 11    Str: 13    XL:     4   Next: 74%
Magic:  4/4        EV: 11    Int: 13    God:
Gold:   131        SH:  0    Dex: 16    Spells: 3/3 levels left

rFire   . . .        p - +1 hand axe (heavy)
rCold   . . .        (no shield)
rNeg    . . .        h - +4 ring mail
rPois   .            (helmet restricted)
rElec   .            c - +0 cloak
rCorr   .            l - +0 pair of gloves
SInv    .            (no boots)
Will    .....        (no amulet)
Stlth   +++          (no ring)
HPRegen 0.25/turn    (no ring)
MPRegen 0.09/turn

%: no passive effects
@: no status effects
A: horns 1, thin skeletal structure 1
a: no special abilities


You were on level 4 of the Dungeon.
You visited 1 branch of the dungeon, and saw 4 of its levels.

You collected 131 gold pieces.

Inventory:

Hand Weapons
 p - a +1 heavy hand axe (weapon)
Missiles
 d - 12 poisoned darts (quivered)
 i - 6 javelins
 z - 3 curare-tipped darts
Armour
 c - a +0 cloak (worn)
 h - a +4 ring mail (worn)
 l - a +0 pair of gloves (worn)
Wands
 q - a wand of quicksilver (6)
Scrolls
 k - 2 scrolls of immolation
Potions
 a - a potion of heal wounds
 f - a potion of resistance {unknown}
 j - 2 potions of curing
 m - a potion of brilliance {unknown}


   Skills:
 + Level 2.7 Fighting
 - Level 1.7 Short Blades
 * Level 2.3 Axes
 - Level 2.0 Throwing
 + Level 1.0 Armour
 + Level 1.7 Dodging
 - Level 4.0 Stealth


You had 3 spell levels left.
You didn't know any spells.
Your spell library contained the following spells:

 Spells                   Type           Power      Damage    Failure   Level
 Scorch                   Fire           0%         2d5       69%         2
 Flame Wave               Conj/Fire      0%         2d4       100%        4
 Summon Cactus Giant      Summ           0%         N/A       100%        6


Dungeon Overview and Level Annotations

Branches:
Dungeon (4/15)
 Temple: D:4-7

Altars:
Xom

Shops:
D:1 !   D:2 *   D:3 [

Annotations:
D:3 1 runed translucent door, pigah's ghost, amateur OpWn


Innate Abilities, Weirdness & Mutations

You have a pair of small horns on your head.
You have a somewhat thin skeletal structure. (Dex +2, Stealth+)


Message History

(D) Dungeon
Where to? (Enter - D:3, ? - help)
There is a stone staircase leading down here.
You climb downwards.
The adder hisses angrily.
Found a stone staircase leading down.
There is a stone staircase leading up here.
There are monsters nearby!
There's nothing to open nearby.
There are monsters nearby!
There are monsters nearby!
The helpless ogre fails to defend itself.
You hit the ogre. You headbutt the ogre.
The ogre is lightly wounded.
A jelly comes into view.
The ogre hits you with a +0 giant club!
Ouch! That really hurt!
You are too injured to fight recklessly!
You are too injured to fight recklessly!
You are too injured to fight recklessly!
You are too injured to fight recklessly!
You are too injured to fight recklessly!
You are too injured to fight recklessly!
You feel much better. The ogre barely misses you.
The adder bites you but does no damage.
You slash the ogre! You headbutt the ogre.
The ogre is heavily wounded.
You closely miss the adder. The adder bites you.
The ogre hits you with a +0 giant club!!
Ouch! That really hurt!
* * * LOW HITPOINT WARNING * * *
The adder bites you.
* * * LOW HITPOINT WARNING * * *
You barely miss the ogre. Your headbutt misses the ogre.
The ogre is heavily wounded.
You hit the sleepcap but do no damage. You hit the adder.
The adder bites you but does no damage. The sleepcap closely misses you.
The adder bites you but does no damage. The ogre closely misses you.
The sleepcap releases spores at you.
You die...

... #####..
#.....
+....#
#....#
#....#
#..f.#
#.@S<#
#O...J......
#....8.....8
#...........
####...>....
#........
#........
#........


You could see an ogre, a sleepcap, a jelly and an adder.

Vanquished Creatures
  Robin (D:3)
  An adder (D:2)
  An adder zombie (D:2)
  2 adder skeletons (D:2)
  A worm (D:3)
  2 dart slugs (D:1)
  3 orcs (D:3)
  6 endoplasms
  3 giant cockroaches
  13 goblins
  11 hobgoblins
  6 jackals
  2 quokkas (D:1)
  3 ball pythons
  4 bats
  4 frilled lizards
  A giant cockroach zombie (D:2)
  4 kobolds
  7 rats
75 creatures vanquished.

Notes
Turn   | Place    | Note
-------+----------+-------------------------------------------
     0 | D:1      | Iniera the Demonspawn Brigand began the quest for the Orb.
     0 | D:1      | Reached XP level 1. HP: 16/16 MP: 1/1
   128 | D:1      | Reached skill level 1 in Dodging
   147 | D:1      | Found Miak's Distillery.
   202 | D:1      | Gained mutation: You have a somewhat thin skeletal
                  | structure. (Dex +2, Stealth+) [demonic ancestry]
   202 | D:1      | Reached XP level 2. HP: 10/22 MP: 2/2
   385 | D:1      | Reached skill level 1 in Axes
   957 | D:2      | Gained mutation: You have a pair of small horns on your
                  | head. [demonic ancestry]
   957 | D:2      | Reached XP level 3. HP: 21/28 MP: 3/3
  1402 | D:2      | Found a shimmering altar of Xom.
  1541 | D:2      | Reached XP level 4. HP: 34/34 MP: 4/4
  1575 | D:2      | Found Qere Nel's General Store.
  1957 | D:3      | Found Dadghuig's Antique Armour Emporium.
  2132 | D:3      | Found a runed translucent door.
  2133 | D:3      | Noticed a scorpion
  2136 | D:3      | Noticed pigah's ghost (amateur OpWn)
  2234 | D:3      | Noticed Robin
  2236 | D:3      | Reached skill level 4 in Stealth
  2242 | D:3      | Killed Robin
  2243 | D:3      | Reached skill level 1 in Armour
  2826 | D:4      | Noticed an ogre
  2832 | D:4      | Slain by a sleepcap

Illustrated notes

Levels and vault maps discovered:
D:1:      dpeg_arrival_line_fractal, layout_loops_corners, serial_shops,
          shop_fountains
D:2:      layout_loops_corners, serial_undead, serial_undead_f, serial_undead_d,
          serial_undead_f, serial_undead_d, serial_shops,
          nicolae_shop_tiny_real_fake_doors, basic_altar,
          kennysheep_generic_room_4
D:3:      layout_basic, serial_shops, shop, ebering_ghost_inner_flame,
          uniq_robin
D:4:      layout_gridville, mainiacjoe_overflow_tiny_flanked, st_stairs_1,
          uniq_duvessa, uniq_menkaure

Skill      XL: |  1  2  3  4 |
---------------+-------------+-----
Dodging        | 1 |  1.7
Axes           | 1 2 |  2.3
Throwing       | 2 |  2.0
Stealth        | 4 |  4.0
Armour         | 1 |  1.0
Fighting       | |  2.7
Short Blades   | |  1.7

Action                     |  1- 3 |  4- 6 || total
---------------------------+-------+-------++-------
  Melee: Dagger            |   123 |    24 ||   147
         Headbutt          |    12 |     7 ||    19
         Punch             |     1 |       ||     1
         Hand axe          |       |    27 ||    27
    Use: Scroll            |       |     7 ||     7
         Potion            |       |     1 ||     1
   Stab: Sleeping          |    14 |     7 ||    21
 Armour: Robe              |    11 |       ||    11
         Ring mail         |    33 |    37 ||    70
  Dodge: Dodged            |    40 |    29 ||    69

Table legend: (Time is in decaauts)
 A = Elapsed time spent in this place.
 B = Non-inter-level travel time spent in this place.
 C = Inter-level travel time spent in this place.
 D = Time resting spent in this place.
 E = Time spent auto-exploring this place.
 F = Levels seen in this place.
 G = Mean time per level.
                   A        B        C        D        E       F      G
               +--------+--------+--------+--------+--------+-----+--------+
         Total |   2839 |   2731 |    108 |      0 |   2249 |   4 |  709.8 |
       Dungeon |   2839 |   2731 |    108 |      0 |   2249 |   4 |  709.8 |
               +--------+--------+--------+--------+--------+-----+--------+

Top non-repeatable levels by time:
     D:3: 1004 daAuts
     D:1: 936 daAuts
     D:2: 891 daAuts
     D:4: 7 daAuts
